 Dungeon Crawl Stone Soup version 0.21.0-3-g78d12a8 (webtiles) character file.

177 Dfrag the Firebug (level 5, 0/52 HPs)
             Began as a Demonspawn Fire Elementalist on Jan 11, 2018.
             Was an Initiate of Vehumet.
             Succumbed to an adder's poison
             ... on level 3 of the Dungeon.
             The game lasted 00:03:15 (1675 turns).

Dfrag the Firebug (Demonspawn Fire Elementalist)    Turns: 1675, Time: 00:03:18

Health: 0/52       AC: 22    Str:  8    XL:     5   Next: 31%
Magic:  1/9        EV:  2    Int: 17    God:    Vehumet [......]
Gold:   84         SH:  0    Dex: 16    Spells: 9/10 levels left

rFire    . . .     SeeInvis .   y - +1 hand axe (venom)
rCold    . . .     Gourm    .   (no shield)
rNeg     + + +     Faith    .   (armour currently unavailable)
rPois    +         Spirit   .   (helmet currently unavailable)
rElec    .         Reflect  .   (cloak currently unavailable)
rCorr    .         Harm     .   (gloves currently unavailable)
MR       .....     NoTele   +   (boots currently unavailable)
Stlth    +++.......             (no amulet)
HPRegen  0.17/turn              g - ring of wizardry
MPRegen  0.11/turn              q - ring of stealth

@: lethally poisoned (0 -> -2), tree-form
A: thin skeletal structure 1
a: Renounce Religion


You were on level 3 of the Dungeon.
You worshipped Vehumet.
Vehumet was noncommittal.
You were not hungry.
You were a tree.
You visited 1 branch of the dungeon, and saw 3 of its levels.

You collected 84 gold pieces.

Inventory:

Hand Weapons
 y - a +1 hand axe of venom (weapon)
Armour
 a - a +0 robe (melded)
 e - a +2 hat of intelligence (melded)
 r - a +0 pair of gloves (melded)
Jewellery
 g - a ring of wizardry (left branch)
 p - an uncursed ring of ice
 q - a ring of stealth (right branch)
Scrolls
 d - a scroll of immolation {unknown}
 f - a scroll of enchant weapon {unknown}
 h - 3 scrolls of identify {unknown}
 i - a scroll of enchant armour {unknown}
 k - 3 scrolls of remove curse {unknown}
 l - a scroll of fear {unknown}
 n - a scroll of teleportation {unknown}
 o - a scroll of random uselessness {unknown}
 u - a scroll of fog {unknown}
Potions
 j - a potion of haste {unknown}
 m - a potion of lignification
 s - a potion of brilliance {unknown}
 t - 2 potions of agility {unknown}
 v - a potion of curing {unknown}
 w - a potion of heal wounds {unknown}
Books
 b - a book of Flames

   Spells                             Type                      Level
   a - Flame Tongue                   Conjuration/Fire             1
   b - Throw Flame                    Conjuration/Fire             2
   c - Conjure Flame                  Conjuration/Fire             3
   d - Inner Flame                    Hexes/Fire                   3
   e - Sticky Flame                   Conjuration/Fire             4
   f - Fireball                       Conjuration/Fire             5
Comestibles
 c - 6 rations
 x - 3 chunks of flesh


   Skills:
 - Level 1.7 Dodging
 - Level 1.7 Stealth
 + Level 3.3 Spellcasting
 + Level 3.0 Conjurations
 + Level 3.9 Fire Magic


You had 9 spell levels left.
You knew the following spells:

 Your Spells              Type           Power        Failure   Level  Hunger
a - Flame Tongue          Conj/Fire      ##...        1%          1    None


Dungeon Overview and Level Annotations

Branches:
Dungeon (3/15)

Altars:
Fedhas
Nemelex Xobeh
Vehumet
Wu Jian


Innate Abilities, Weirdness & Mutations

You have a somewhat thin skeletal structure. (Dex +2, Stealth)
((Your flesh is heat resistant. (rF+)))


Message History

* * * LOW HITPOINT WARNING * * *
You feel sick. The adder bites you.
* * * LOW HITPOINT WARNING * * *
The adder closely misses you.
Casting: Flame Tongue
Confirm with . or Enter, or press ? or * to list all spells.
Aiming: Flame Tongue
Press: ? - help, Shift-Dir - straight line, f/p - adder
Aim: an adder (almost dead)
The flame tongue misses the adder.
The flame tongue hits the ball python.
You kill the ball python!
Vehumet accepts your kill. The adder bites you but does no damage.
It was a potion of lignification.
You turn into a tree.
Your +2 hat of intelligence melds into your body.
Your +0 pair of gloves melds into your body.
Your +0 robe melds into your body.
You feel stupid.
Your roots penetrate the ground.
You die...

.....#..#.≈≈.#.###.#
...#.#.##.≈≈.##.#.##
...#.#.##.≈≈.# #.##
.....#.##.≈≈.# ##.##
.....#.8#.≈≈.# ##.# #......
####.#).#.≈≈.# ##)## .......
..##.#.##.≈≈.# #.## .......
..##.#.##.≈≈.# #.# .o.....
..##.#.##.≈≈.# #♣## ...s. .
..##.#.8#.≈≈.##.#S## .g. ...
.....#.[#.≈≈.#.###s##.#.....
..#.>#'##.≈≈.#. ##†g.......
.<...#..'.≈≈.# ###.#..###
#....#..#†≈≈.# ... #
#.#..#..#.≈≈.# ....#
.....#..#.≈≈.# ....#
#....#..#.≈≈.# ......


You could see an adder, a giant cockroach and a hobgoblin.

Vanquished Creatures
  A hound (D:3)
  An orc priest (D:3)
  4 adders
  A worm (D:2)
  3 dart slugs
  5 leopard geckos
  6 orcs (D:3)
  2 ball pythons
  8 bats
  A giant cockroach (D:1)
  9 goblins
  4 hobgoblins
  3 quokkas (D:2)
  4 frilled lizards
  5 kobolds
  9 rats
66 creatures vanquished.

Notes
Turn   | Place    | Note
-------+----------+-------------------------------------------
     0 | D:1      | Dfrag the Demonspawn Fire Elementalist began the quest for the Orb.
     0 | D:1      | Reached XP level 1. HP: 13/13 MP: 3/3
    66 | D:1      | Gained mutation: You have a somewhat thin skeletal structure. (Dex +2, Stealth) [demonic ancestry]
    66 | D:1      | Reached XP level 2. HP: 18/19 MP: 1/5
   622 | D:2      | Gained mutation: Your flesh is heat resistant. (rF+) [demonic ancestry]
   622 | D:2      | Reached XP level 3. HP: 24/24 MP: 3/6
   694 | D:2      | Found a sparkling altar of Nemelex Xobeh.
  1244 | D:2      | Found an ornate altar of the Wu Jian Council.
  1247 | D:2      | Found a radiant altar of Vehumet.
  1250 | D:2      | Found a blossoming altar of Fedhas.
  1255 | D:2      | Became a worshipper of Vehumet
  1304 | D:2      | Reached XP level 4. HP: 29/30 MP: 3/8
  1637 | D:3      | Reached XP level 5. HP: 15/35 MP: 3/9
  1673 | D:3      | HP: 1/35 [adder (2)]
  1675 | D:3      | Succumbed to an adder's poison

Skill      XL: |  1  2  3  4  5 |
---------------+----------------+-----
Fire Magic     | 3 |  3.9
Conjurations   | 2 3 |  3.0
Spellcasting   | 3 |  3.3
Dodging        | |  1.7
Stealth        | |  1.7

Action                   |  1- 3 |  4- 6 || total
-------------------------+-------+-------++-------
Melee: Unarmed           |    13 |       ||    13
       Short sword       |    44 |       ||    44
       Hand axe          |       |    19 ||    19
 Cast: Flame Tongue      |    58 |    26 ||    84
  Use: Potion            |       |     1 ||     1
 Stab: Sleeping          |     4 |       ||     4
  Eat: Chunk             |     1 |     2 ||     3
Armor: Robe              |    23 |    12 ||    35
Dodge: Dodged            |    50 |    21 ||    71
